Map: Turbo Cruise '84 LE

Players

WindigoBly (Bly)

  • Race: Zerg Zerg
  • League: Grandmaster
  • Spawn Location: 3:00

llllllllllll (Stats) - Winner!

  • Race: Protoss Protoss
  • League: Master
  • Spawn Location: 7:00

Event: 2019 Assembly Summer

VOD

Have the link to the VOD?

Description

Time

  • Played on: Aug. 1, 2019, 10:28 a.m.
  • Length: 8:12

All games in this series

Show
View Real Time Build Order
Export as new Build Order

WindigoBly Zerg 

Build Orders: Pool First 

Get SALT Encoding   

  12  0:01  Drone  
  13  0:12  Overlord  
  13  0:17  Drone  
  14  0:30  Drone  
  14  0:31  Drone  
  16  0:41  Spawning Pool  
  15  0:45  Drone  
  16  0:50  Drone  
  16  0:52  Extractor  
  16  1:00  Drone  
  17  1:18  Hatchery  
  16  1:28  Zergling x4  
  16  1:30  Zergling x2  
  19  1:41  Queen  
  21  1:54  Metabolic Boost  
  21  2:01  Drone  
  22  2:05  Overlord  
  22  2:15  Roach Warren  
  22  2:19  Drone  
  22  2:40  Drone x2  
  22  2:42  Overlord  
  22  2:57  Roach  
  22  2:58  Roach  
  25  2:59  Roach  
  25  3:02  Roach  
  29  3:06  Zergling x4  
  31  3:13  Zergling x4  
  31  3:14  Zergling x2  
  34  3:23  Zergling x4  
  36  3:32  Ravager x2  
  38  3:35  Zergling x6  
  38  3:37  Zergling x2  
  42  3:43  Zergling x2  
  42  3:48  Overlord  
  43  3:54  Ravager  
  44  4:03  Overlord  
  43  4:11  Zergling x6  
  43  4:12  Zergling x4  
  43  4:16  Zergling x2  
  40  4:26  Zergling x6  
  39  4:37  Zergling x4  
  38  4:46  Zergling x2  
  38  4:50  Roach  
  45  5:00  Roach x3  
  46  5:16  Zergling x6  
  49  5:25  Zergling x4  
  51  5:30  Ravager x2  
  51  5:32  Overlord  
  51  5:33  Zergling x4  
  51  5:34  Zergling x2  
  56  5:42  Zergling x4  
  54  5:55  Zergling x2  
  54  5:56  Zergling x2  
  49  6:00  Zergling x6  
  45  6:12  Zergling x6  
  45  6:18  Zergling x2  
  47  6:21  Ravager  
  44  6:26  Zergling x2  
  44  6:27  Zergling x6  
  39  6:45  Zergling x4  
  30  6:56  Roach  
  30  6:57  Roach  
  34  7:02  Roach  
  34  7:03  Roach x3  
  41  7:14  Overlord  
  41  7:19  Zergling x4  
  43  7:26  Overlord  
  43  7:39  Ravager  
  43  7:40  Ravager, Zergling x6  
  48  7:45  Zergling x2  
  48  7:46  Zergling x6  
  49  7:52  Zergling x2  
  49  7:53  Roach  
  49  8:09  Ravager  
Show
View Real Time Build Order
Export as new Build Order

llllllllllll Protoss - Winner!

Build Orders: 1 Gate Expand 

Get SALT Encoding   

  12  0:01  Probe  
  13  0:14  Probe  
  14  0:20  Pylon  
  14  0:26  Probe  
  15  0:34  Probe  
  15  0:42  Probe  
  16  0:44  Gateway  
  16  0:49  Assimilator  
  17  0:57  Pylon  
  17  1:00  Probe  
  18  1:12  Probe  
  19  1:24  Probe  
  20  1:30  Nexus  
  20  1:38  Cybernetics Core  
  20  1:44  Zealot  
  22  1:51  Pylon  
  22  1:56  Assimilator  
  22  1:58  Probe  
  23  2:05  Adept  
  23  2:11  Probe  
  26  2:23  Probe  
  26  2:24  Robotics Facility  
  27  2:35  Probe  
  27  2:41  Stalker  
  29  2:47  Probe  
  30  2:57  Warp Gate  
  30  2:59  Probe  
  30  3:01  Probe  
  32  3:06  Immortal  
  32  3:07  Shield Battery  
  32  3:11  Probe  
  33  3:19  Probe  
  38  3:23  Probe  
  39  3:27  Sentry  
  39  3:31  Pylon  
  40  3:36  Immortal  
  40  3:38  Shield Battery  
  40  3:51  Probe  
  40  3:54  Probe  
  46  4:15  Shield Battery  
  42  4:27  Gateway x2  
  42  4:29  Gateway  
  42  4:32  Gateway  
  42  4:39  Probe x2  
  42  4:45  Stalker  
  46  4:51  Robotics Facility, Pylon  
  46  4:59  Pylon  
  46  5:02  Probe x2  
  46  5:04  Sentry  
  50  5:10  Cybernetics Core  
  50  5:14  Probe x2  
  52  5:22  Sentry  
  52  5:23  Sentry  
  52  5:27  Zealot x2  
  60  5:29  Probe x2, Pylon  
  62  5:39  Pylon  
  64  5:49  Immortal  
  64  5:54  Zealot x3, Stalker  
  48  6:15  Zealot x3  
  48  6:17  Immortal  
  48  6:27  Zealot  
  51  6:36  Zealot x3  
  57  6:48  Stalker  
  57  6:49  Probe x2  
  61  7:00  Gateway, Warp Prism, Sentry x3  
  67  7:04  Probe x2  
  69  7:15  Pylon  
  71  7:16  Probe x2  
  71  7:20  Zealot  
  75  7:32  Assimilator  
  75  7:36  Assimilator  
  75  7:41  Probe x2  
  77  7:52  Stalker x4  
  85  7:58  Pylon  
  85  8:10  Pylon  
  85  8:12  Pylon  
Tags
 
Add a new tag
Caveats
  • Supply blocks, unpowered buildings, or Contaminate may cause inaccurate times.
  • Supply counts are checked every 10 seconds.